 Dungeon Crawl Stone Soup version 0.30-a0-223-gcb0039aa0c (webtiles) character file.

Game seed: 12446616736780473374

2852 timneilson the Shield-Bearer (level 9, -6/55 HPs)
             Began as a Gargoyle Fighter on Oct 9, 2022.
             Killed from afar by a steam dragon (9 damage)
             ... with a ball of steam
             ... on level 6 of the Dungeon.
             The game lasted 00:11:01 (5527 turns).

timneilson the Shield-Bearer (Gargoyle Fighter)     Turns: 5527, Time: 00:11:01

Health: -6/55      AC: 24    Str: 24    XL:     9   Next: 75%
Magic:  9/9        EV:  8    Int: 11    God:
Gold:   165        SH: 13    Dex: 15    Spells: 8/8 levels left

rFire   . . .      SeeInvis .    d - +9 falchion of Qitius {speed, rN+ rCorr Int+2}
rCold   . . .      Faith    .    q - +2 kite shield {AC+3}
rNeg    + + .      Spirit   .    s - +0 chain mail
rPois   ∞          Reflect  .    b - +0 helmet
rElec   +          Harm     .    r - +0 cloak
rCorr   +          Rampage  .    n - +0 pair of gloves
Will    .....                    (no boots)
Stlth   ..........               (no amulet)
HPRegen 0.29/turn                f - +6 ring of dexterity
MPRegen 0.11/turn                (no ring)

@: no status effects
A: sickness immunity, AC +6, negative energy resistance 1, electricity
resistance, torment resistance 1, petrification resistance
a: no special abilities


You were on level 6 of the Dungeon.
You visited 2 branches of the dungeon, and saw 7 of its levels.

You collected 380 gold pieces.
You spent 215 gold pieces at shops.

Inventory:

Hand Weapons
 a - a +1 long sword
 d - the +9 falchion of Qitius (weapon) {speed, rN+ rCorr Int+2}
   (You found it on level 4 of the Dungeon)

   Attacks with this weapon are significantly faster.
   Int:       It affects your intelligence (+2).
   rN:        It protects you from negative energy.
   rCorr:     It protects you from acid and corrosion.
Armour
 b - a +0 helmet (worn)
 h - a +0 plate armour
 n - a +0 pair of gloves (worn)
 q - a +2 kite shield of protection (worn)
 r - a +0 cloak (worn)
 s - a +0 chain mail (worn)
Jewellery
 f - a +6 ring of dexterity (left hand)
Scrolls
 c - a scroll of enchant armour
 m - 3 scrolls of enchant weapon
 p - 2 scrolls of teleportation
 t - 2 scrolls of identify
 v - a scroll of magic mapping {unknown}
Potions
 e - 2 potions of resistance
 g - a potion of magic
 i - 4 potions of lignification
 j - a potion of flight {unknown}
 k - 6 potions of mutation
 l - 2 potions of ambrosia {unknown}
 o - 2 potions of brilliance {unknown}
 u - a potion of curing


   Skills:
 + Level 5.9 Fighting
 * Level 6.3 Long Blades
 * Level 7.9 Armour
 + Level 3.6 Dodging
 * Level 7.9 Shields


You had 8 spell levels left.
You didn't know any spells.
Your spell library contained the following spells:

 Spells                   Type           Power      Damage    Failure   Level
 Magic Dart               Conj           0%         1d3       99%         1
 Slow                     Hex            0%         N/A       99%         1
 Call Imp                 Summ           0%         N/A       100%        2
 Confusing Touch          Hex            0%         N/A       100%        3
 Kindle Blastsparks       Fire/Tloc/Air  0%         2d10      100%        3
 Mephitic Cloud           Conj/Pois/Air  0%         N/A       100%        3
 Ozocubu's Armour         Ice            0%         N/A       100%        3
 Vampiric Draining        Necr           0%         2d6       100%        3
 Fulminant Prism          Conj/Hex       0%         3d6       100%        4
 Iskenderun's Mystic Bla  Conj/Tloc      0%         2d3       100%        4
 Lee's Rapid Deconstruct  Erth           0%         3d5*      100%        5
 Metabolic Englaciation   Hex/Ice        0%         N/A       100%        5
 Simulacrum               Ice/Necr       0%         N/A       100%        6


Dungeon Overview and Level Annotations

Branches:
Dungeon (6/15)             Temple (1/1) D:5

Altars:
Ashenzari
Cheibriados
Dithmenos
Fedhas
Kikubaaqudgha
Ru
Uskayaw
Zin
The Shining One

Shops:
D:1 [


Innate Abilities, Weirdness & Mutations

You are immune to sickness and miasma.
Your stone body is resilient. (AC +6)
You are immune to poison.
You resist negative energy. (rN+)
You are resistant to electric shocks. (rElec)
You are resistant to unholy torment.
You are immune to petrification.


Message History

You hit the orc warrior but do no damage.
The orc warrior is moderately wounded.
You block the orc warrior's attack.
You hit the orc warrior.
The orc warrior is moderately wounded.
You closely miss the orc warrior.
The orc warrior is moderately wounded.
You block the orc warrior's attack.
You barely miss the orc warrior.
The orc warrior is moderately wounded.
You block the orc warrior's attack.
You hit the orc warrior.
The orc warrior is heavily wounded.
The orc warrior hits you but does no damage.
You slash the orc warrior!
The orc warrior is almost dead.
The orc warrior closely misses you.
You slash the orc warrior!
You kill the orc warrior!
The steam dragon breathes steam at you.
The ball of steam hits the orc!!
The orc dies!
The ball of steam hits you.
You are engulfed in a cloud of scalding steam.
The steam dragon breathes steam at you. The ball of steam hits you!
* * * LOW HITPOINT WARNING * * *
Items here: ))) [[ †††.
You are engulfed in a cloud of scalding steam.
* * * LOW HITPOINT WARNING * * *
You block the steam dragon's attack. x2
You barely miss the steam dragon.
You are engulfed in a cloud of scalding steam.
* * * LOW HITPOINT WARNING * * *
You hit the steam dragon.
The steam dragon is lightly wounded.
You are engulfed in a cloud of scalding steam.
The steam dragon breathes steam at you. The ball of steam hits you!
You die...

#########.########'#### #....
#......##..### ...# #....
#.......#....# O...o# ##....
##.......#....##.......# ......
#........#.....#Y....D.# ##....
#.......###....#.Y.o)..# #.###
#.......# #....##y.y..## #.#
#.......# ###.D# ####.###
#.#<#+#.# ##@# #.......
###.###.#.# #§# #.####.#
#.......#.# ####.#########.# #.#
#.#.......# #..............# #.#
#.........###.#################.#
...............# .........
..........###..#### .######..
..................###### ###
.####.###.##.#.##.....)# #


You could see a steam dragon (catching breath).

Vanquished Creatures
  An unseen horror (D:6)
  A hornet (D:6)
  Grinder (D:4)
  Menkaure (D:4)
  Edmund (D:4)
  Duvessa (D:4)
  A sky beast (D:6)
  A black bear (D:6)
  2 orc warriors (D:6)
  2 ogres (D:6)
  2 phantoms
  Blork the orc (D:4)
  3 gnoll sergeants
  4 scorpions
  Dowan (D:4)
  A jelly (D:6)
  3 orc priests
  Terence (D:3)
  3 orc wizards (D:5)
  Robin (D:3)
  17 gnolls
  9 adders
  A shadow imp (D:5)
  4 white imps
  4 worms
  3 dart slugs (D:1)
  21 orcs
  2 ball pythons
  3 bats (D:3)
  8 endoplasms
  4 giant cockroaches
  14 goblins
  8 hobgoblins
  A quokka (D:3)
  5 frilled lizards
  3 goblin skeletons (D:3)
  2 hobgoblin zombies (D:3)
  6 kobolds
  A kobold skeleton (D:3)
  A kobold zombie (D:3)
  An orc zombie (D:3)
  6 rats
156 creatures vanquished.

Vanquished Creatures (others)
  An orc (D:6)
  6 plants (D:4)
7 creatures vanquished.

Grand Total: 163 creatures vanquished

Notes
Turn   | Place    | Note
-------+----------+-------------------------------------------
     0 | D:1      | timneilson the Gargoyle Fighter began the quest for the
                  | Orb.
     0 | D:1      | Reached XP level 1. HP: 14/14 MP: 1/1
    20 | D:1      | Found Zyscho's Armour Boutique.
    95 | D:1      | Reached XP level 2. HP: 10/19 MP: 2/2
   332 | D:1      | Reached XP level 3. HP: 23/23 MP: 3/3
   745 | D:2      | Identified the +9 scale mail of Qooh {*Corrode +Blink
                  | rPois}
  1107 | D:2      | Reached XP level 4. HP: 28/28 MP: 4/4
  1619 | D:3      | Reached skill level 1 in Dodging
  1619 | D:3      | Reached XP level 5. HP: 15/33 MP: 5/5
  1905 | D:3      | Noticed Terence
  1909 | D:3      | Killed Terence
  1944 | D:3      | Noticed Robin
  1979 | D:3      | Killed Robin
  2389 | D:3      | Found a glowing golden altar of the Shining One.
  2399 | D:3      | Reached XP level 6. HP: 31/38 MP: 6/6
  2656 | D:4      | Noticed Dowan
  2695 | D:4      | Identified the +9 falchion of Qitius {speed, rN+ rCorr
                  | Int+2}
  2725 | D:4      | Reached skill level 5 in Shields
  2843 | D:4      | Noticed Menkaure
  2849 | D:4      | Killed Menkaure
  2849 | D:4      | Noticed Edmund
  2850 | D:4      | Reached skill level 5 in Armour
  2850 | D:4      | Reached XP level 7. HP: 42/43 MP: 7/7
  2869 | D:4      | Killed Edmund
  3018 | D:4      | Noticed Blork the orc
  3028 | D:4      | Killed Blork the orc
  3178 | D:4      | Noticed Duvessa
  3189 | D:4      | Killed Duvessa
  3190 | D:4      | Reached XP level 8. HP: 42/48 MP: 8/8
  3192 | D:4      | Killed Dowan
  3336 | D:4      | Noticed Grinder
  3347 | D:4      | Killed Grinder
  3412 | D:5      | Entered Level 5 of the Dungeon
  3517 | D:5      | Reached skill level 5 in Fighting
  3564 | D:5      | Found a staircase to the Ecumenical Temple.
  3577 | Temple   | Entered the Ecumenical Temple
  3723 | D:5      | Reached skill level 5 in Long Blades
  4564 | D:1      | Bought a +2 kite shield of protection for 215 gold pieces
  4793 | D:6      | Reached XP level 9. HP: 42/54 MP: 9/9
  4969 | D:6      | Killed an unseen horror
  5475 | D:6      | Noticed a hornet
  5512 | D:6      | Killed a hornet
  5527 | D:6      | Killed from afar by a steam dragon

Illustrated notes

Levels and vault maps discovered:
D:1:      psy_arrival_fountain, layout_rooms, serial_shops, shop,
          grunt_decor_resistance, chequers_avenue
D:2:      layout_loops_ring
D:3:      layout_basic, nicolae_tso_besieged_by_evil, uniq_terence, uniq_robin
D:4:      layout_basic, serial_bayou_pond_e, hangedman_abyss_or_decor_stagger,
          nrook_campfire, nicolae_grassy_gnolls, uniq_grinder, uniq_menkaure,
          uniq_blork_the_orc, uniq_edmund, uniq_duvessa
D:5:      layout_layer_cave, minmay_temple_entry_slanted
D:6:      minmay_opposing_rooms, layout_basic, minmay_diced_spiral
Temple:   hellmonk_temple_of_storms

Skill      XL: |  1  2  3  4  5  6  7  8  9 |
---------------+----------------------------+-----
Long Blades    | 2 3 4 5 6 |  6.3
Shields        | 4 5 6 7 |  7.9
Armour         | 4 5 6 7 |  7.9
Dodging        | 1 2 3 |  3.6
Fighting       | 4 5 |  5.9

Action                   |  1- 3 |  4- 6 |  7- 9 || total
-------------------------+-------+-------+-------++-------
Melee: Long sword        |   120 |   183 |       ||   303
       Falchion          |       |    24 |   233 ||   257
  Use: Scroll            |     4 |     5 |     4 ||    13
       Potion            |     2 |     1 |     2 ||     5
Armor: Scale mail        |    72 |    18 |       ||    90
       Chain mail        |       |   127 |   103 ||   230
Dodge: Dodged            |    50 |    70 |    39 ||   159
Block: Buckler           |    10 |       |       ||    10
       Kite shield       |    46 |   145 |   107 ||   298

Table legend: (Time is in decaauts)
 A = Elapsed time spent in this place.
 B = Non-inter-level travel time spent in this place.
 C = Inter-level travel time spent in this place.
 D = Time resting spent in this place.
 E = Time spent auto-exploring this place.
 F = Levels seen in this place.
 G = Mean time per level.
                   A        B        C        D        E       F      G
               +--------+--------+--------+--------+--------+-----+--------+
         Total |   5627 |   5140 |    487 |    186 |   3559 |   7 |  803.9 |
       Dungeon |   5584 |   5103 |    481 |    186 |   3530 |   6 |  930.7 |
        Temple |     42 |     36 |      6 |      0 |     29 |   1 |   42.0 |
               +--------+--------+--------+--------+--------+-----+--------+

Top non-repeatable levels by time:
     D:2: 1165 daAuts
     D:5: 1022 daAuts
     D:3: 984 daAuts
     D:1: 866 daAuts
     D:4: 773 daAuts
     D:6: 771 daAuts
  Temple: 42 daAuts
